Map: Station de Dasan EC

Players

Worming

  • Race: Zerg Zerg

Guilty - Winner!

  • Race: Terran Terran
  • League: Diamond

VOD

Have the link to the VOD?

Description

Time

  • Played on: Oct. 20, 2016, 3:18 p.m.
  • Length: 12:52
Show
View Real Time Build Order
Export as new Build Order

Worming Zerg 

Build Orders: Pool First 

Get SALT Encoding   

  12  0:01  Drone  
  13  0:24  Spawning Pool, Drone  
  13  0:29  Drone  
  14  0:36  Overlord  
  14  1:02  Unknown, Hatchery  
  13  1:11  Zergling x2  
  13  1:12  Zergling x4  
  16  1:24  Queen  
  18  1:31  Zergling x2  
  19  1:36  Zergling x2  
  19  1:37  Extractor  
  19  1:47  Drone  
  20  1:57  Drone  
  21  2:13  Unknown  
  19  2:19  Drone  
  19  2:22  Queen  
  19  2:37  Queen  
  19  2:39  Zergling x6  
  19  2:41  Drone  
  19  2:43  Drone  
  26  2:50  Metabolic Boost  
  26  2:56  Drone  
  27  3:09  Drone  
  27  3:10  Overlord  
  27  3:11  Overlord  
  28  3:46  Drone x3  
  28  3:47  Drone x4  
  28  3:48  Baneling Nest, Drone x6  
  40  3:54  Lair  
  40  4:02  Evolution Chamber  
  39  4:08  Extractor, Drone x2  
  40  4:10  Overlord  
  40  4:30  Overlord  
  40  4:33  Overlord  
  40  4:34  Zerg Melee Weapons Level 1  
  40  4:38  Drone x2  
  40  4:39  Drone  
  43  4:49  Extractor, Drone x2  
  43  4:51  Extractor  
  43  4:53  Roach Warren  
  43  4:54  Centrifical Hooks  
  43  4:56  Zergling x2  
  43  4:57  Zergling x14  
  50  5:08  Overlord  
  47  5:39  Glial Reconstitution  
  47  5:47  Queen x2, Unknown, Hatchery  
  51  5:50  Zergling x12  
  54  6:29  Drone x8  
  54  6:30  Drone  
  63  6:43  Unknown, Hatchery  
  59  6:58  Unknown  
  52  7:14  Zergling x14  
  59  7:17  Zerg Ground Armor Level 1  
  59  7:22  Evolution Chamber  
  58  7:24  Infestation Pit  
  58  7:25  Zergling x2  
  58  7:31  Drone x4  
  58  7:34  Drone x3  
  58  7:35  Drone  
  61  7:52  Burrow  
  61  7:55  Unknown  
  61  7:57  Drone  
  62  8:03  Zergling x14  
  62  8:04  Drone x4  
  73  8:10  Pathogen Glands  
  73  8:14  Baneling x8  
  73  8:17  Queen  
  73  8:19  Zerg Melee Weapons Level 2  
  75  8:21  Overlord x2  
  75  8:34  Baneling x2  
  75  8:35  Baneling x2  
  75  8:36  Baneling x2, Zergling x2  
  75  8:37  Zergling x6  
  71  8:51  Zergling x34  
  82  9:04  Roach x5  
  82  9:05  Roach  
  88  9:13  Zergling x6  
  85  9:17  Baneling x2  
  85  9:18  Baneling x4, Zergling x2  
  85  9:19  Zergling x8  
  82  9:31  Zergling x12  
  72  9:45  Roach x2, Zergling x4  
  76  9:54  Ravager x2  
  76  9:56  Baneling x5  
  78  10:01  Roach x2  
  78  10:02  Roach x4  
  87  10:21  Extractor  
  87  10:22  Extractor  
  87  10:23  Drone x3  
  87  10:24  Drone x2  
  87  10:27  Overlord x3  
  88  10:44  Drone  
  88  10:45  Zergling x2  
  88  10:46  Zergling x2  
  91  10:51  Ravager x4  
  91  10:52  Zergling x2  
  91  10:53  Zergling x20  
  106  10:57  Extractor  
  106  10:58  Drone x3  
  106  11:01  Drone  
  105  11:24  Roach  
  105  11:25  Roach x3  
  113  11:26  Overlord x5  
  113  11:38  Zergling x2  
  99  11:59  Roach  
  99  12:00  Roach x15  
  91  12:14  Roach x3  
  97  12:20  Roach x2  
  89  12:23  Ravager x6  
  95  12:32  Roach, Roach Warren  
  95  12:33  Roach x3  
  95  12:35  Spawning Pool  
Show
View Real Time Build Order
Export as new Build Order

Guilty Terran - Winner!

Build Orders: Reaper Expand, Bio Tank 

Get SALT Encoding   

  12  0:02  SCV  
  13  0:14  SCV  
  13  0:18  Supply Depot  
  14  0:26  SCV  
  15  0:40  SCV  
  15  0:41  Barracks  
  16  0:46  Refinery  
  16  0:52  SCV  
  17  1:04  SCV  
  18  1:28  Orbital Command  
  18  1:30  Reaper  
  19  1:41  Command Center, Unknown  
  19  1:53  Supply Depot  
  19  2:02  Marine  
  18  2:20  Marine  
  15  2:32  SCV  
  15  2:36  Supply Depot  
  16  2:41  Factory  
  16  2:44  SCV  
  16  2:48  Barracks Reactor  
  17  2:52  Unknown  
  17  2:55  Orbital Command  
  17  2:56  SCV  
  18  3:08  SCV  
  19  3:20  SCV  
  19  3:24  Factory Tech Lab  
  19  3:25  Marine x2  
  22  3:32  SCV  
  23  3:34  Refinery  
  23  3:35  SCV, Starport  
  24  3:44  SCV  
  24  3:47  SCV  
  26  3:51  Marine  
  27  3:57  SCV  
  27  3:58  Hellion  
  27  3:59  SCV  
  31  4:09  SCV  
  32  4:10  Marine  
  32  4:11  SCV, Marine  
  35  4:19  Siege Tank  
  35  4:20  Barracks  
  35  4:22  Medivac  
  35  4:24  SCV  
  41  4:28  Marine  
  41  4:29  Supply Depot  
  41  4:30  Marine  
  43  4:38  Barracks  
  43  4:40  SCV  
  43  4:42  SCV  
  45  4:46  Marine  
  46  4:53  SCV  
  46  4:56  Siege Tank  
  46  4:58  Supply Depot  
  50  5:01  SCV  
  50  5:04  Medivac  
  50  5:05  SCV  
  54  5:19  Marine x2  
  54  5:20  Supply Depot  
  56  5:22  Barracks Tech Lab  
  56  5:30  Marine  
  56  5:34  Siege Tank  
  60  5:37  Marine x2  
  60  5:42  SCV  
  63  5:43  Supply Depot, Engineering Bay  
  63  5:47  SCV  
  63  5:48  Supply Depot, Marine  
  65  5:51  Marine  
  65  5:53  Starport Reactor  
  65  5:54  SCV  
  65  5:55  Marine x2  
  69  5:59  Stimpack  
  69  6:05  Marine  
  69  6:06  SCV  
  69  6:07  SCV  
  69  6:09  Refinery  
  72  6:12  Supply Depot  
  72  6:16  Marine x2  
  72  6:18  SCV  
  75  6:21  Missile Turret  
  75  6:23  Missile Turret, SCV  
  76  6:30  SCV  
  77  6:39  Marine x4  
  80  6:40  Siege Tank  
  80  6:42  Medivac  
  86  6:52  SCV x2  
  86  6:53  Engineering Bay  
  88  6:57  Marine x3  
  88  7:00  Marine  
  92  7:15  Marine x2  
  94  7:23  Medivac, Marine x2, Siege Tank  
  94  7:26  SCV, Refinery  
  102  7:51  Terran Infantry Weapons Level 1  
  102  7:53  Terran Infantry Armor Level 1, Supply Depot  
  102  7:57  Command Center, Unknown  
  102  8:00  Combat Shields  
  102  8:47  SCV x2, Marine x4  
  101  8:49  Siege Tank  
  101  8:59  SCV  
  101  9:01  SCV  
  100  9:05  Marine x3  
  100  9:06  Marine  
  100  9:09  Unknown  
  95  9:11  SCV  
  95  9:12  Medivac x2  
  95  9:13  SCV  
  95  9:21  Siege Tank  
  95  9:22  Marine x2, Bunker  
  95  9:23  Marine, Bunker  
  95  9:24  Marine  
  97  9:25  SCV  
  97  9:27  Concussive Shells  
  96  9:40  Marine x2  
  96  9:41  Marine x2  
  96  9:42  Medivac  
  99  9:58  Marine x2  
  99  9:59  Marine x2  
  103  10:04  Siege Tank  
  106  10:15  Missile Turret x2  
  106  10:16  Marine x2  
  106  10:17  Marine x2  
  106  10:19  Command Center, Unknown  
  110  10:24  Armory  
  110  10:29  Supply Depot  
  110  10:34  Marine x3  
  110  10:35  Marine  
  114  10:36  Siege Tank  
  117  10:52  Marine x3  
  117  10:53  Marine  
  121  11:03  Planetary Fortress  
  121  11:08  Medivac  
  121  11:09  Medivac, Marine x2  
  121  11:10  Marine x2  
  124  11:13  Starport  
  124  11:14  Starport  
  124  11:27  Marine  
  124  11:31  Unknown  
  124  11:32  Barracks  
  125  11:36  Marine x3  
  125  11:37  Barracks  
  128  11:45  Marine  
  129  11:49  Siege Tank  
  129  11:54  Marine x3  
  115  12:03  Marine  
  112  12:11  Marine  
  112  12:12  Marine x2  
  115  12:21  Marine  
  119  12:25  Starport Tech Lab  
  119  12:26  Starport Reactor  
  119  12:28  Barracks Tech Lab  
  119  12:29  Fusion Core, Marine x2  
  119  12:30  Barracks Tech Lab, Marine  
  119  12:31  Ghost Academy  
Tags
 
Add a new tag
Caveats
  • Supply blocks, unpowered buildings, or Contaminate may cause inaccurate times.
  • Supply counts are checked every 10 seconds.